 Dungeon Crawl Stone Soup version 0.31.0-9-g3a7656b989 (webtiles) character file.

Game seed: 6089493018822207110

459 qw the Skirmisher (level 6, -2/36 HPs)
             Began as a Deep Elf Hunter on Feb 2, 2024.
             Incinerated by a bombardier beetle (3 damage)
             ... with a burning spray
             ... on level 4 of the Dungeon.
             The game lasted 00:00:09 (2569 turns).

qw the Skirmisher (Deep Elf Hunter)                 Turns: 2569, Time: 00:00:10

Health: -2/36      AC:  6    Str: 10    XL:     6   Next: 78%
Magic:  8/8        EV: 11    Int: 14    God:
Gold:   56         SH:  0    Dex: 18    Spells: 5/5 levels left

rFire   . . .        a - +2 shortbow (elec)
rCold   . . .        (shield currently unavailable)
rNeg    . . .        g - +1 ring mail
rPois   .            (no helmet)
rElec   .            (no cloak)
rCorr   .            (no gloves)
SInv    .            (no boots)
Will    .....        (no amulet)
Stlth   +            (no ring)
HPRegen 0.26/turn    (no ring)
MPRegen 0.11/turn

%: no passive effects
@: on fire, glowing
A: no striking features
a: no special abilities


You were on level 4 of the Dungeon.
You visited 1 branch of the dungeon, and saw 4 of its levels.

You collected 119 gold pieces.
You spent 63 gold pieces at shops.


   Skills:
 - Level 2.5 Fighting
 + Level 10.1 Ranged Weapons
 - Level 3.0 Dodging
 - Level 1.2 Stealth


You had 5 spell levels left.
You didn't know any spells.
Your spell library was empty.

Inventory:

Hand Weapons
 a - a +2 shortbow of electrocution (weapon)
Armour
 g - a +1 ring mail (worn)
 h - a +0 cloak
 k - a +0 scale mail of cold resistance
Wands
 d - a wand of mindburst (16)
Scrolls
 b - 3 scrolls of teleportation
Potions
 c - a potion of degeneration {unknown}
 e - 2 potions of curing
 f - a potion of enlightenment
 i - a potion of attraction {unknown}
 j - 2 potions of cancellation {unknown}

Dungeon Overview and Level Annotations

Branches:
Dungeon (4/15)
 Temple: D:4-7

Altars:

Shops:
D:1 *   D:4 *


Message History

You kill the endoplasm!
You now have 56 gold pieces (gained 14).
k - a +0 scale mail of cold resistance A bombardier beetle comes into view.
Enter note: You shoot an arrow.
The arrow hits the bombardier beetle but does no damage.
A bombardier beetle is nearby!
You shoot an arrow.
The arrow hits the bombardier beetle but does no damage.
You shoot an arrow.
The arrow hits the bombardier beetle but does no damage.
The bombardier beetle sprays incendiary fluid at you.
The burning spray hits you.
You are covered in liquid fire!
You shoot an arrow. The arrow hits the bombardier beetle.
The bombardier beetle is moderately wounded.
The liquid fire burns you!
You shoot an arrow. The arrow hits the bombardier beetle.
The bombardier beetle is heavily wounded.
The liquid fire burns you!
The bombardier beetle waves its antennae.
You shoot an arrow. The arrow hits the bombardier beetle.
The bombardier beetle is severely wounded.
The liquid fire burns you!
You shoot an arrow. The arrow hits the bombardier beetle!
You kill the bombardier beetle!
The liquid fire burns you!
Your Dodging skill increases to level 3!
You are on fire!
The liquid fire burns you!
You are on fire!
The liquid fire burns you!
You are on fire!
The liquid fire burns you!
You are on fire!
The liquid fire burns you!
You are on fire!
The liquid fire burns you!
You die...

#.##.## ...
#.##.# #.#
#.##.## ..
#.##.#.. ..
#.##.#.##.##
....|......
#.# #.#%. #
#.#.# .
#.#@# . #
#...#
..#.####.###
#.........#
.#.......#
#....###..#
#.##.# #..#
#. #.# #..#
#.##.# #..#


There were no monsters in sight!

Vanquished Creatures
  2 ogres (D:4)
  A scorpion (D:4)
  2 bombardier beetles (D:4)
  A hound (D:4)
  3 gnolls (D:3)
  4 adders
  3 dart slugs (D:1)
  A ribbon worm (D:2)
  An orc (D:4)
  8 ball pythons
  5 endoplasms
  6 giant cockroaches
  6 goblins
  5 hobgoblins
  3 jackals (D:4)
  4 kobolds
  2 quokkas
  7 bats
  4 frilled lizards
  4 rats
72 creatures vanquished.

Notes
Turn   | Place    | Note
-------+----------+-------------------------------------------
     0 | D:1      | qw the Deep Elf Hunter began the quest for the Orb.
     0 | D:1      | Reached XP level 1. HP: 12/12 MP: 3/3
     0 | D:1      | 0 ||| qw: Version: 0.3-a-155-g5e7d8dd
     0 | D:1      | 0 ||| qw: Game counter: 509
     0 | D:1      | 0 ||| qw: Melee chars always use a shield: true
     0 | D:1      | 0 ||| qw: God list: Okawaru
     0 | D:1      | 0 ||| qw: Allow faded altars: false
     0 | D:1      | 0 ||| qw: Do Orc after clearing Dungeon:15 true
     0 | D:1      | 0 ||| qw: Do second Lair branch before Depths: true
     0 | D:1      | 0 ||| qw: Lair rune preference: random
     0 | D:1      | 0 ||| qw: Goals: Normal
     0 | D:1      | 0 ||| PLANNING D:1-11
    69 | D:1      | Reached skill level 6 in Ranged Weapons
    69 | D:1      | Reached XP level 2. HP: 16/16 MP: 4/4
   148 | D:1      | Found Mianejiv's General Store.
   166 | D:1      | 166 ||| SHOPLISTING +2 shortbow of flaming (191 gold, have
                  | 14).
   166 | D:1      | 166 ||| SHOPLISTING 2 potions of haste (220 gold, have 14).
   166 | D:1      | 166 ||| SHOPLISTING potion of mutation (88 gold, have 14).
   166 | D:1      | 166 ||| SHOPLISTING scroll of identify (22 gold, have 14).
   166 | D:1      | 166 ||| SHOPLISTING wand of digging (4) (184 gold, have
                  | 14).
   233 | D:1      | Reached XP level 3. HP: 20/20 MP: 5/5
   336 | D:1      | Found a faded altar of an unknown god.
   338 | D:1      | Noticed a glass eye
   343 | D:1      | Noticed an eye of devastation
   350 | D:1      | Noticed a golden eye
   350 | D:1      | Noticed a great orb of eyes
   538 | D:1      | 538 ||| UPGRADING to +0 ring mail.
   548 | D:1      | 548 ||| DROPPING +0 leather armour.
   549 | D:1      | 549 ||| READING scroll labelled RERGHA CIRO.
   550 | D:1      | 550 ||| READING scroll labelled KADOINN VUTS.
   550 | D:1      | 550 ||| ENCHANTING +0 shortbow.
   551 | D:1      | 551 ||| READING scroll labelled GORCHO YLUTULO.
   552 | D:1      | 552 ||| READING scroll labelled UXU WEIMESYDAM.
   653 | D:1      | 653 ||| READING scroll labelled DYWNETYINWIRPH.
   653 | D:1      | 653 ||| BRANDING +1 shortbow.
   654 | D:1      | 654 ||| DROPPING scroll of butterflies.
   913 | D:2      | Reached skill level 7 in Ranged Weapons
  1177 | D:2      | 1177 ||| READING scroll of enchant weapon.
  1177 | D:2      | 1177 ||| ENCHANTING +1 shortbow of electrocution.
  1447 | D:2      | 1447 ||| READING 2 scrolls labelled MEQEKLAISO.
  1452 | D:2      | 1452 ||| READING scroll labelled DOCVYD NERAPP.
  1453 | D:2      | 1453 ||| READING 2 scrolls labelled FACEP FOXYZYLL.
  1453 | D:2      | 1453 ||| IDENTIFYING black potion
  1454 | D:2      | 1454 ||| READING scroll of identify.
  1454 | D:2      | 1454 ||| IDENTIFYING viscous clear potion
  1701 | D:3      | Reached XP level 4. HP: 25/25 MP: 6/6
  1862 | D:3      | Reached skill level 8 in Ranged Weapons
  2051 | D:3      | 2051 ||| READING scroll labelled ADAEBA KOGAORPH.
  2051 | D:3      | 2051 ||| ENCHANTING +0 ring mail.
  2076 | D:4      | 2076 ||| PLANNING OSSUARY
  2081 | D:4      | Noticed an ogre
  2083 | D:4      | Killed an ogre
  2084 | D:4      | Reached XP level 5. HP: 29/29 MP: 7/7
  2111 | D:4      | Reached skill level 9 in Ranged Weapons
  2226 | D:4      | Found Ruin's Neck Hole.
  2236 | D:4      | Reached XP level 6. HP: 36/36 MP: 8/8
  2237 | D:4      | 2237 ||| BUYING +0 cloak (63 gold).
  2237 | D:4      | Bought a +0 cloak for 63 gold pieces
  2237 | D:4      | 2237 ||| SHOPLISTING +2 cloak (231 gold, have 31).
  2237 | D:4      | 2237 ||| SHOPLISTING amulet of faith (560 gold, have 31).
  2361 | D:4      | Reached skill level 10 in Ranged Weapons
  2565 | D:4      | Reached skill level 3 in Dodging
  2566 | D:4      | HP: 7/36 [burnt (5)]
  2568 | D:4      | HP: 1/36 [burnt (3)]
  2569 | D:4      | Incinerated by a bombardier beetle

Levels and vault maps discovered:
D:1:      amcnicky_arrival_abandoned_market, layout_basic, serial_shops, shop,
          hellmonk_ecumenical_altar_watching_god
D:2:      kennysheep_six_static_rooms, layout_basic, minivault_25
D:3:      layout_basic
D:4:      layout_loops_ring, enter_ossuary_1, serial_bayou_pond_e,
          nicolae_shop_sticking_my_neck_out

Skill      XL: |  1  2  3  4  5  6 |
---------------+-------------------+-----
Ranged Weapons | 6 7 8 9 10 | 10.1
Fighting       | 2 |  2.5
Dodging        | 3 |  3.0
Stealth        | |  1.2

Action                     |  1- 3 |  4- 6 || total
---------------------------+-------+-------++-------
   Fire: Shortbow          |   103 |    77 ||   180
    Use: Scroll            |    10 |     1 ||    11
 Armour: Leather armour    |     2 |       ||     2
         Ring mail         |     6 |    11 ||    17
  Dodge: Dodged            |    16 |    16 ||    32

Table legend:
 A = Non-vault XP
 B = Vault XP
 C = Vault XP percentage of total XP
 D = Non-vault monster count
 E = Vault monster count
 F = Vault count percentage of total count
                 A         B        C        D         E       F
            +---------+---------+-------+---------+---------+-------
      Total |     645 |      12 |   1.8 |      66 |       6 |   8.3
            +---------+---------+-------+---------+---------+-------
        D:1 |      44 |       0 |   0.0 |      21 |       0 |   0.0
        D:2 |      23 |      12 |  34.3 |       8 |       6 |  42.9
        D:3 |      82 |       0 |   0.0 |      21 |       0 |   0.0
        D:4 |     496 |       0 |   0.0 |      16 |       0 |   0.0
            +---------+---------+-------+---------+---------+-------
